 Dungeon Crawl Stone Soup version 0.24.0-13-gcf9b3192b9 (webtiles) character file.

Game seed: 10439807885272444805, levelgen mode: deterministic

198 Monsterracer the Chiller (level 5, -9/28 HPs)
             Began as a Tengu Ice Elementalist on Nov 7, 2019.
             Was a Believer of Wu Jian.
             Blown up by Ijyb (17 damage)
             ... with a disintegration bolt
             ... on level 3 of the Dungeon.
             The game lasted 00:03:27 (3502 turns).

Monsterracer the Chiller (Tengu Ice Elementalist)   Turns: 3502, Time: 00:03:28

Health: -9/28      AC:  2    Str:  8    XL:     5   Next: 76%
Magic:  4/10       EV: 16    Int: 16    God:    Wu Jian [**....]
Gold:   133        SH:  0    Dex: 15    Spells: 2/10 levels left

rFire    + . .     SeeInvis .   a - +2 whip (freeze)
rCold    + . .     Gourm    .   (no shield)
rNeg     . . .     Faith    .   f - +0 robe
rPois    +         Spirit   .   (helmet restricted)
rElec    +         Reflect  .   (no cloak)
rCorr    +         Harm     .   (no gloves)
MR       .....                  (boots unavailable)
Stlth    ++........             (no amulet)
HPRegen  0.09/turn              o - +1 ring of evasion
MPRegen  0.12/turn              (no ring)

@: resistant, flying quickly and evasively, quick
A: beak, talons 3, able to fly
a: Stop Flying, Wall Jump, Renounce Religion


You were on level 3 of the Dungeon.
You worshipped Wu Jian.
Wu Jian was pleased with you.
You were hungry.

You visited 1 branch of the dungeon, and saw 3 of its levels.
You also visited: Sewer.

You collected 133 gold pieces.

Inventory:

Hand Weapons
 a - a +2 whip of freezing (weapon)
   (You took it off a kobold on level 1 of the Dungeon)
 b - a +0 whip of electrocution
   (You took it off a kobold on level 1 of the Dungeon)
Armour
 f - a +0 robe (worn)
Jewellery
 o - a +1 ring of evasion (left hand)
   (You found it on level 2 of the Dungeon)
Scrolls
 d - 2 scrolls of teleportation {unknown}
 g - a scroll of blinking {unknown}
Potions
 e - a potion of magic {unknown}
 h - 2 potions of haste
 j - a potion of lignification {unknown}
 k - a potion of curing {unknown}
 l - a potion of mutation {unknown}
 m - a potion of heal wounds {unknown}
 n - a potion of brilliance {unknown}
 p - 4 potions of flight {unknown}
 q - a potion of invisibility {unknown}
 r - 2 potions of agility {unknown}
 s - a potion of degeneration {unknown}
Comestibles
 c - 4 rations


   Skills:
 + Level 0.5 Maces & Flails
 - Level 2.1 Dodging
 - Level 2.0 Stealth
 + Level 3.1 Spellcasting
 * Level 3.3 Conjurations
 * Level 4.5 Ice Magic


You had 2 spell levels left.
You knew the following spells:

 Your Spells              Type           Power        Failure   Level  Hunger
a - Freeze                Ice            ###.         3%          1    None
c - Ozocubu's Armour      Chrm/Ice       #.......     22%         3    ###....
d - Throw Icicle          Conj/Ice       ###.....     36%         4    ####...

Your spell library contained the following spells:

 Spells                   Type           Power        Failure   Level  Hunger
 Throw Frost              Conj/Ice       ###...       5%          2    ##.....
 Summon Ice Beast         Ice/Summ       #.......     58%         4    ####...


Dungeon Overview and Level Annotations

Branches:
Dungeon (3/15)              Sewer (visited)

Altars:
Makhleb
Wu Jian

Annotations:
D:3 Ijyb


Innate Abilities, Weirdness & Mutations

You have a beak for a mouth.
You have claws for feet.
You can fly continuously.


Message History

There is a large open door here.
You now have 104 gold pieces (gained 11).
You now have 115 gold pieces (gained 11).
You now have 120 gold pieces (gained 5).
You now have 133 gold pieces (gained 13).
There is a large open door here.
Done exploring.
Done exploring.
Sorry, you can't auto-travel out of here.
You can't go down here!
There is a gate leading back out of this place here.
Welcome back to the Dungeon!
There is a collapsed entrance here.
A giant cockroach comes into view.
Found 24 stones.
A giant cockroach is nearby!
A giant cockroach is nearby!
You hit the giant cockroach. You freeze the giant cockroach.
Your kick misses the giant cockroach.
The giant cockroach is heavily wounded.
The giant cockroach closely misses you.
Casting: Freeze (safe; 3% risk of failure)
Confirm with . or Enter, or press ? or * to list all spells.
Aiming: Freeze (safe; 3% risk of failure)
Press: ? - help, Shift-Dir - straight line, f - giant cockroach
Aim: a giant cockroach (heavily wounded)
You freeze the giant cockroach.
You kill the giant cockroach!
The Council accepts your kill.
Casting: Freeze (safe; 3% risk of failure)
Confirm with . or Enter, or press ? or * to list all spells.
You can't see any susceptible monsters within range! (Use Z to cast anyway.) Unknown command.
Magic restored.
You reach down and open the door. 2 orcs come into view.
The orc shouts! x2; You hear a shout!
An orc priest comes into view. It is wielding a +0 club.
An orc comes into view. It is wielding a +0 hand axe.
There are monsters nearby!
An orc is nearby!
Casting: Freeze (safe; 3% risk of failure)
Confirm with . or Enter, or press ? or * to list all spells.
Aiming: Freeze (safe; 3% risk of failure)
Press: ? - help, Shift-Dir - straight line, f - orc
Aim: an orc, wielding a +0 hand axe You freeze the orc.
The orc is heavily wounded.
The orc hits you with a +0 hand axe.
Casting: Freeze (safe; 3% risk of failure)
Confirm with . or Enter, or press ? or * to list all spells.
Aiming: Freeze (safe; 3% risk of failure)
Press: ? - help, Shift-Dir - straight line, f/p - orc
Aim: an orc, wielding a +0 hand axe (heavily wounded)
You freeze the orc.
The orc is severely wounded.
The orc misses you.
Casting: Freeze (safe; 3% risk of failure)
Confirm with . or Enter, or press ? or * to list all spells.
Aiming: Freeze (safe; 3% risk of failure)
Press: ? - help, Shift-Dir - straight line, f/p - orc
Aim: an orc, wielding a +0 hand axe (severely wounded)
You freeze the orc.
You kill the orc!
The Council accepts your kill.
Ijyb the Twisted Goblin comes into view.
She is wielding a +0 dagger, wearing a +3 chain mail of poison resistance and carrying a wand of disintegration (10).
Casting: Freeze (safe; 3% risk of failure)
Confirm with . or Enter, or press ? or * to list all spells.
Aiming: Freeze (safe; 3% risk of failure)
Press: ? - help, Shift-Dir - straight line, f - orc
Aim: an orc, wielding a +0 club You freeze the orc.
The orc is almost dead.
Ijyb shouts!
You hear a shout!
You hear an angry hiss.
The orc misses you.
Casting: Freeze (safe; 3% risk of failure)
Confirm with . or Enter, or press ? or * to list all spells.
Aiming: Freeze (safe; 3% risk of failure)
Press: ? - help, Shift-Dir - straight line, f/p - orc
Aim: an orc, wielding a +0 club (almost dead)
You freeze the orc.
You kill the orc!
The Council accepts your kill.
Ijyb zaps a wand.
You are blasted!
Ouch! That really hurt!
* * * LOW HITPOINT WARNING * * *
You aren't carrying any items that you can evoke.
It was a potion of resistance.
You feel protected.
Okay, then.
Casting: Freeze (safe; 3% risk of failure)
Confirm with . or Enter, or press ? or * to list all spells.
Aiming: Freeze (safe; 3% risk of failure)
Press: ? - help, Shift-Dir - straight line, f - Ijyb
Aim: Ijyb, wielding a +0 dagger, wearing a +3 chain mail of poison resistance and carrying a wand of disintegration (9)
You freeze Ijyb.
Ijyb is moderately wounded.
Ijyb zaps a wand.
You are blasted!
Ouch! That really hurt!
You die...

.......oo...
#.......o.. .........
....... ..o.. ...
######'# ##...##.####
#### #.......g@.# #..
...#.......###
##.####.###........#
#.<#......+..(...#.##
#......####.....#...#
#.........+.....#≈≈≈#
#####.(#.##.....#≈≈≈#
#....#[##.....#≈≈≈#
#.#.#.........#≈≈≈#


You could see Ijyb.

Vanquished Creatures
  A hound (D:2)
  A worker ant (D:2)
  2 adders (D:2)
  5 oozes (Sewer)
  7 worms (D:2 Sewer)
  7 leopard geckos (D:1 D:2 D:3 Sewer)
  2 orcs (D:3)
  7 giant cockroaches (D:1 D:2 D:3)
  5 goblins (D:1 D:2)
  4 hobgoblins (D:1 D:2)
  8 jackals (D:2 Sewer)
  2 quokkas (D:2)
  2 ball pythons (Sewer)
  10 bats (D:1 D:2 Sewer)
  2 frilled lizards (D:2 Sewer)
  8 kobolds (D:1 D:2)
  A leopard gecko zombie (D:2)
  5 rats (D:1 D:2 D:3)
79 creatures vanquished.

Notes
Turn   | Place    | Note
-------+----------+-------------------------------------------
     0 | D:1      | Monsterracer the Tengu Ice Elementalist began the quest for
                  | the Orb.
     0 | D:1      | Reached XP level 1. HP: 10/10 MP: 4/4
   111 | D:1      | Reached skill level 3 in Ice Magic
   112 | D:1      | Reached XP level 2. HP: 15/15 MP: 0/6
   466 | D:1      | HP: 6/15 [hobgoblin (4)]
  1191 | D:2      | Reached XP level 3. HP: 19/19 MP: 7/7
  1196 | D:2      | Learned a level 3 spell: Ozocubu's Armour
  1261 | D:2      | HP: 5/19 [worker ant (6)]
  1263 | D:2      | Reached XP level 4. HP: 7/24 MP: 0/9
  1269 | D:2      | Learned a level 4 spell: Throw Icicle
  1737 | D:2      | Found a faded altar of an unknown god.
  1750 | D:2      | Became a worshipper of the Wu Jian Council
  1750 | D:2      | Reached * piety under Wu Jian
  1755 | D:2      | Reached skill level 4 in Ice Magic
  2051 | D:2      | Found a burning altar of Makhleb.
  2057 | D:2      | HP: 12/24 [hound (3)]
  2058 | D:2      | Gained mutation: You can fly continuously. [Tengu growth]
  2058 | D:2      | Reached XP level 5. HP: 14/28 MP: 5/10
  2530 | D:3      | Found a glowing drain.
  2557 | Sewer    | Entered a sewer
  2768 | Sewer    | Reached ** piety under Wu Jian
  3498 | D:3      | Noticed Ijyb
  3500 | D:3      | HP: 8/28 [disintegration (19)]
  3502 | D:3      | Blown up by Ijyb

Levels and vault maps discovered:
D:1:      roderic_chinese_lattice_arrival, layout_basic, minivault_19
D:2:      layout_loops_ring, chequers_ecumenical_altar_simple,
          makhleb_heckhound_becter
D:3:      layout_basic, overflow_temple_1_default, portal_sewer_entry_f,
          uniq_sigmund, uniq_ijyb

Skill      XL: |  1  2  3  4  5 |
---------------+----------------+-----
Ice Magic      | 3 4 |  4.5
Conjurations   | 2 3 |  3.3
Spellcasting   | 3 |  3.1
Maces & Flails | |  0.5
Dodging        | |  2.1
Stealth        | |  2.0

Action                   |  1- 3 |  4- 6 || total
-------------------------+-------+-------++-------
Melee: Kick              |     7 |    13 ||    20
       Unarmed           |     2 |       ||     2
       Short sword       |    11 |       ||    11
       Peck              |     3 |     8 ||    11
       Whip              |    11 |    81 ||    92
 Cast: Freeze            |    31 |    71 ||   102
Invok: Lunge             |       |     8 ||     8
       Whirlwind         |       |    45 ||    45
 Abil: Fly               |       |     1 ||     1
  Use: Scroll            |       |     3 ||     3
       Potion            |       |     1 ||     1
 Stab: Sleeping          |       |     3 ||     3
  Eat: Chunk             |     1 |     7 ||     8
Armor: Robe              |     6 |    13 ||    19
Dodge: Dodged            |    26 |    75 ||   101
